Unix NetHack Version 5.0.0-0 post-release - last build Jul 14 2026 02:55:29 (1809b74e8187c3a3585e283601c3028b46cbbdcb,branch:main).

Game began 2026-07-14 10:57:54, ended 2026-07-14 13:47:10.

Calendula, neutral female human Wizard

                                                              --------------
                ------------                                  |............|
                |.......d.<|          --------              ##..........>..|
                |...........#         |......|              # |............|
                |..........|#####    #|.(.....###           # -----------.--
  --------      |..........|    ######|......|  ##          #            #
  |.....+|  ####-...........#####%####|......|   ###       ##           ##
  |.%..(.-###   |..........|         #.....dd|     #########          ###
  |*!...?|      ------------          |.....@e#### # ------#         ##
  --------                            --------   ####|{....#         #
                                                    #|....|#         #
                                                    #|..(.|############
                                                    #------         ###
                                                    #%#
                                                      #        |.
                                                      ########%-.
                                                               |.

Calendula the Conjurer    St:10 Dx:14 Co:11 In:18 Wi:11 Ch:10  Neutral
Dlvl:3  $:35 HP:0(36) Pw:43(43) AC:3  Xp:4 T:3126  Satiated Burdened

Latest messages:
 The spell hits the giant rat!
 You kill the giant rat!
 You see here a giant rat corpse.
 Talk to whom? (in what direction) 6
 Wapiti seems not to notice you.
 You see here a giant rat corpse.
 You hear some noises in the distance.
 You see here an acid blob corpse.
 You see here an empty broken chest.
 You kill the grid bug!
 You kill the grid bug!
 What do you want to zap? [cw or ?*] ?
 You reveal 2 secret corridors!
 What do you want to wield? [- a or ?*] w
 Your quarterstaff is welded to your hands!
 What do you want to wield? [- a or ?*] <esc>
 Never mind.
 You hear some noises in the distance.
 The giant bat bites!
 In what direction? 4
 The spell hits the giant bat!
 You kill the giant bat!
 You see here a giant bat corpse.
 You hear some noises in the distance.
 You hit the floating eye!
 Your hands no longer glow so brightly red.
 You miss the floating eye.
 You are frozen by the floating eye's gaze!
 The coyote bites!
 The coyote bites!
 The coyote bites!
 The coyote bites!
 The coyote bites!
 It bites the floating eye.
 The coyote bites!
 The coyote bites!
 The coyote bites!
 The coyote bites!
 The coyote bites!
 The coyote bites!
 The coyote just misses!
 The coyote bites!
 The coyote misses!
 The coyote bites!
 The coyote bites!
 The coyote bites!
 The coyote bites!
 The coyote bites!
 You die...
 Do you want your possessions identified? [ynq] (y) q

Inventory:
 Coins    ('$')
  $ - 35 gold pieces
 Weapons  (')')
  a - a cursed +2 quarterstaff (weapon in hands)
 Armor    ('[')
  p - a cursed +0 orcish helm (being worn)
  b - an uncursed +2 cloak of magic resistance (being worn)
  t - an uncursed +0 studded leather armor (being worn)
 Comestibles  ('%')
  r - 4 uncursed food rations
  q - 2 uncursed fortune cookies
  G - 2 cursed tripe rations
 Scrolls  ('?')
  k - a blessed scroll of light
  i - an uncursed scroll of remove curse
 Spellbooks  ('+')
  F - an uncursed spellbook of slow monster
 Potions  ('!')
  h - an uncursed potion of blindness
  I - 2 uncursed potions of healing
  J - 2 cursed potions of healing
  g - a blessed potion of restore ability
 Rings    ('=')
  e - an uncursed ring of polymorph control (on left hand)
  d - an uncursed ring of slow digestion (on right hand)
 Wands    ('/')
  c - a wand of make invisible (0:7)
  w - a wand of secret door detection (0:13)
 Tools    ('(')
  n - a magic marker (0:21)
 Gems/Stones  ('*')
  s - a cursed opal
  f - an uncursed worthless piece of black glass

Calendula the Wizard's attributes:

Background:
 You were a Conjurer, a level 4 female human Wizard.
 You were neutral, nominally on a mission for Thoth
 who was opposed by Ptah (lawful) and Anhur (chaotic).
 You were right-handed.
 You were in the Dungeons of Doom, on level 3.
 You entered the dungeon 3126 turns ago.
 There was a new moon in effect when your adventure ended.
 You had 114 experience points, 46 more were needed to attain level 5.

Basics:
 You had 0 out of 36 hit points.
 You had all 43 energy points (spell power).
 Your armor class was 3.
 Your wallet contained 35 zorkmids.
 Autopickup was off.

Final Characteristics:
 Your strength was 10 (peak:11, limit:18/100).
 Your dexterity was 14 (peak:15, limit:18).
 Your constitution was 11 (limit:18).
 Your intelligence was 18 (limit:18).
 Your wisdom was 11 (limit:18).
 Your charisma was 10 (limit:18).

Final Status:
 You were satiated.
 You were burdened; movement was slightly slowed.
 You were wielding a quarterstaff.
 You had basic skill with quarterstaff.

Final Attributes:
 You were piously aligned.
 You were magic-protected.
 You would have confused monsters when hitting them.
 You had slower digestion.
 You were warded.
 You had polymorph control.
 You are dead.

Miscellaneous:
 You didn't encounter any bones levels.
 Total elapsed playing time was 49 minutes and 44 seconds.

Major events:
 Turn
    1: Calendula the neutral female human Wizard entered the dungeon
 1359: attained the rank of Conjurer (level 3)
 3126: killed by a coyote, while frozen by a floating eye's gaze

Spells:
 Name                 Level Category     Fail Retention
 force bolt             1   attack         0%   81%-90%
 detect food            2   divination    57%  76%-100%
 cure blindness         2   healing       57%  76%-100%
 slow monster           2   enchantment    0%  91%-100%

Skills:
 Fighting Skills
   bare handed combat [Unskilled]
   riding             [Unskilled]
 Weapon Skills
   dagger             [Unskilled]
   knife              [Unskilled]
   axe                [Unskilled]
   short sword        [Unskilled]
   club               [Unskilled]
   mace               [Unskilled]
   quarterstaff       [Basic]
   polearms           [Unskilled]
   spear              [Unskilled]
   trident            [Unskilled]
   sling              [Unskilled]
   dart               [Unskilled]
   shuriken           [Unskilled]
 Spellcasting Skills
   attack spells      [Basic]
   healing spells     [Unskilled]
   divination spells  [Unskilled]
   enchantment spells [Basic]
   clerical spells    [Unskilled]
   escape spells      [Unskilled]
   matter spells      [Unskilled]

Voluntary challenges:
 Character rerolling was not enabled.
 You were an atheist.
 You never genocided any monsters.
 You never polymorphed an object.
 You never changed form.
 You used no wishes.
Achievements:
 You entered a shop.
 You attained the rank of Conjurer.

 The Dungeons of Doom: levels 1 to 3
    Level 1:
    Level 2:
       A food shop, some fountains, a sink.
    Level 3: <- You were here.
       A general store, a fountain.
       Final resting place for
          you, killed by a coyote, while frozen by a floating eye's gaze.


Vanquished creatures:
  a homunculus
  a giant bat
 an orc zombie
  2 iguanas
 an acid blob
  2 coyotes
  4 giant rats
  2 cave spiders
  2 yellow molds
  a green mold
  a red mold
  2 geckos
  2 jackals
  2 foxes
  2 kobolds
  2 goblins
  4 grid bugs
  a bat
  8 lichens
  7 newts
48 creatures vanquished.

No species were genocided or became extinct.

Game over:
                       ----------
                      /          \
                     /    REST    \
                    /      IN      \
                   /     PEACE      \
                  /                  \
                  |    Calendula     |
                  |      35 Au       |
                  |   killed by a    |
                  |      coyote      |
                  |                  |
                  |                  |
                  |       2026       |
                 *|     *  *  *      | *
        _________)/\\_//(\/(/\)/\//\/|_)_______

Goodbye Calendula the Wizard...

You died in The Dungeons of Doom on dungeon level 3 with 648 points,
and 35 pieces of gold, after 3126 moves.
You were level 4 with a maximum of 36 hit points when you died.

